 Dungeon Crawl Stone Soup version 0.28.0-49-g6dfe1f597d (webtiles) character file.

Game seed: 5726889514141392632

101 Zeld the Shield-Bearer (level 5, 0/42 HPs)
             Began as a Formicid Fighter on May 18, 2022.
             Splashed by a jelly's acid (7 damage)
             ... on level 4 of the Dungeon.
             The game lasted 00:00:49 (567 turns).

Zeld the Shield-Bearer (Formicid Fighter)            Turns: 567, Time: 00:00:50

Health: 0/42       AC:  7    Str: 22    XL:     5   Next: 4%
Magic:  5/5        EV:  9    Int:  8    God:
Gold:   45         SH:  0    Dex: 10    Spells: 4/4 levels left

rFire   . . .      SeeInvis +   a - +0 war axe
rCold   . . .      Faith    .   c - +0 buckler
rNeg    . . .      Spirit   .   b - +0 scale mail
rPois   .          Reflect  .   (helmet unavailable)
rElec   .          Harm     .   (no cloak)
rCorr   .          Rampage  .   (no gloves)
Will    .....                   (no boots)
Stlth   ..........              (no amulet)
HPRegen 0.14/turn               (no ring)
MPRegen 0.09/turn               (no ring)

@: confused
A: permanent stasis, dig shafts and tunnels, antennae 3, four strong arms
a: Dig, Shaft Self


You were on level 4 of the Dungeon.
You visited 1 branch of the dungeon, and saw 4 of its levels.

You collected 45 gold pieces.

Inventory:

Hand Weapons
 a - a +0 war axe (weapon)
Armour
 b - a +0 scale mail (worn)
 c - a +0 buckler (worn)
Scrolls
 e - a scroll of silence {unknown}
 h - 2 scrolls of teleportation {unknown}
 i - a scroll of fog {unknown}
Potions
 d - a potion of might
 f - a potion of cancellation {unknown}
 g - a potion of heal wounds {unknown}


   Skills:
 * Level 4.2 Fighting
 * Level 3.2 Axes
 + Level 3.8 Armour
 + Level 4.2 Shields


You had 4 spell levels left.
You didn't know any spells.
Your spell library was empty.

Dungeon Overview and Level Annotations

Branches:
Dungeon (4/15)
 Temple: D:4-7

Altars:


Innate Abilities, Weirdness & Mutations

You cannot be hasted, slowed, berserked, paralysed or teleported.
You can dig through walls and to a lower floor.
You have a pair of large antennae on your head. (SInv)
Your four strong arms can wield two-handed weapons with a shield.


Message History

You barely miss the orc priest. You slash the orc!
You kill the orc!
You closely miss the orc.
The orc wizard gestures at you while chanting.
The magic dart hits you!
The orc priest calls down the wrath of Beogh upon you.
Beogh smites you! You block the orc's attack.
You hit the orc priest but do no damage.
You slash the orc!
You kill the orc!
The orc priest hits you but does no damage.
You block the orc priest's attack.
Unknown command.
You slash the orc wizard!
The orc wizard is almost dead.
You hit the orc priest but do no damage.
The orc wizard hits you but does no damage.
The orc priest barely misses you.
Unknown command.
You hit the orc wizard.
The orc wizard is almost dead.
You hit the jelly.
Your hands burn!
You hit the orc priest but do no damage.
The orc wizard hits you but does no damage.
The jelly completely misses you.
The orc priest calls down the wrath of Beogh upon you.
Pain shoots through your body!
* * * LOW HITPOINT WARNING * * *
The orc wizard barely misses you. You block the jelly's attack.
The orc priest invokes the aid of Beogh against you.
You struggle to resist.
You are too injured to fight recklessly!
You are too injured to fight recklessly!
Unknown command.
The orc wizard points at you and mumbles some strange words.
You are confused.
The orc wizard barely misses you. The jelly hits you.
* * * LOW HITPOINT WARNING * * *
You are splashed with acid!
You die...

#.......# #.#
#. #.......#
#.# #.
#.......# #.#
#. #.......#
#.###.
#####.###
#..... #.#
#..... #.#
#.....
###.########
##....
#..@Jo......
......
#..o#.......
...###
#...#.......
..
#...#.......
.
#...#.......
#...#.......
............
.............


You could see a jelly, an orc priest and an orc wizard.

Vanquished Creatures
  A water moccasin skeleton (D:4)
  An iguana (D:4)
  An adder (D:3)
  3 orcs
  An endoplasm (D:3)
  A hobgoblin (D:2)
  2 ball pythons (D:2)
  2 frilled lizards
  2 kobolds (D:2)
  A rat (D:2)
15 creatures vanquished.

Notes
Turn   | Place    | Note
-------+----------+-------------------------------------------
     0 | D:1      | Zeld the Formicid Fighter began the quest for the Orb.
     0 | D:1      | Reached XP level 1. HP: 18/18 MP: 1/1
   134 | D:2      | Reached XP level 2. HP: 24/24 MP: 2/2
   264 | D:3      | Reached XP level 3. HP: 28/30 MP: 3/3
   347 | D:4      | Reached XP level 4. HP: 25/37 MP: 4/4
   471 | D:4      | Reached XP level 5. HP: 33/42 MP: 5/5
   567 | D:4      | Splashed by a jelly's acid

Illustrated notes

Levels and vault maps discovered:
D:1:      dpeg_arrival_pits, layout_loops_ring
D:2:      layout_basic, serial_shops, nicolae_shop_hallway_plus, uniq_natasha,
          uniq_jessica
D:3:      layout_basic, ebering_ecumenical_altar_sacrificial, uniq_sigmund
D:4:      layout_basic, chequers_serial_rivers_marsh, uniq_robin

Skill      XL: |  1  2  3 |
---------------+----------+-----
Fighting       | 4 |  4.2
Axes           | 3 |  3.2
Shields        | 4 |  4.2
Armour         | |  3.8

Action                   |  1- 3 |  4- 6 || total
-------------------------+-------+-------++-------
Melee: War axe           |    37 |     7 ||    44
Armor: Scale mail        |    21 |     4 ||    25
Dodge: Dodged            |    16 |     5 ||    21
Block: Buckler           |    10 |     4 ||    14
